 Dungeon Crawl Stone Soup version 0.31-a0-1338-gb567cfdca4 (webtiles) character file.

Game seed: 17081913454872288029

101859 jasper the Brawler (level 15, -5/163 HPs)
             Began as a Troll Fighter on Dec 22, 2023.
             Was a High Priest of Okawaru.
             Slain by a white ugly thing (21 damage)
             ... on level 15 of the Dungeon on Dec 23, 2023.
             The game lasted 00:38:34 (21405 turns).

jasper the Brawler (Troll Fighter)                 Turns: 21405, Time: 00:38:35

Health: -5/163     AC: 11    Str: 34    XL:     15   Next: 84%
Magic:  0/20       EV: 11    Int:  4    God:    Okawaru [*****.]
Gold:   3311       SH: 21    Dex:  9    Spells: 14/14 levels left

rFire   . .          .
                       - Unarmed
rCold   . . .        p - +2 tower shield
rNeg    + . .        h - +0 steam dragon scales
rPois   +            W - +2 hat {Stlth+}
rElec   .            G - +0 cloak
rCorr   .            (gloves unavailable)
SInv    +            (boots unavailable)
Will    +....        v - amulet of Loxesoab {Spirit Harm rN+ Regen+ SInv}
Stlth   ++++         e - ring of poison resistance {ass}
HPRegen 2.07/turn    w - ring of flight
MPRegen 0.17/turn

%: harm (+30% outgoing, +20% incoming), guardian spirit
@: heroic, flying
A: large, unfitting armour, claws 3, regeneration 1, shaggy fur 1, tough skin 1
a: Renounce Religion, Heroism, Finesse, Duel


You were on level 15 of the Dungeon.
You worshipped Okawaru.
Okawaru was extremely pleased with you.
You visited 4 branches of the dungeon, and saw 23 of its levels.
You also visited: Sewer and Bailey.

You collected 3544 gold pieces.
You spent 233 gold pieces at shops.

Inventory:

Missiles
 f - 33 javelins
 l - 22 poisoned darts
 x - 32 boomerangs (quivered)
 A - 2 darts of dispersal
 E - a datura-tipped dart
 Q - a throwing net
 R - 15 large rocks
 T - 4 silver javelins
 Y - 3 atropa-tipped darts
 Z - 7 curare-tipped darts
Armour
 b - a +0 kite shield
 h - +0 steam dragon scales (worn)
 p - a +2 tower shield (worn)
 G - a +0 cloak (worn)
 V - a scarf of harm
 W - a +2 hat of stealth (worn)
Jewellery
 e - a ring of poison resistance (left claw) {ass}
 n - an amulet of reflection
 v - the amulet of Loxesoab (around neck) {Spirit Harm rN+ Regen+ SInv}
   (You found it on level 14 of the Dungeon)

   [amulet of guardian spirit]

   Spirit:    It causes incoming damage to be divided between your reserves of
   health and magic.
   rN+:       It protects you from negative energy.
   SInv:      It lets you see invisible.
   Regen+:    It increases your rate of health regeneration.
   Harm:      It increases damage dealt and taken.
 w - a ring of flight (right claw)
 y - a ring of resist corrosion
 z - a ring of positive energy
 F - an amulet of the acrobat
 O - a ring of protection from cold
Wands
 H - a wand of acid (5)
 K - a wand of digging (7)
 N - a wand of flame (6)
 S - a wand of roots (9)
Scrolls
 a - 3 scrolls of revelation
 g - 6 scrolls of enchant armour
 i - 2 scrolls of immolation
 j - 8 scrolls of fog
 k - 10 scrolls of teleportation
 r - 4 scrolls of blinking
 C - 6 scrolls of poison
 D - 3 scrolls of noise
 U - a scroll of fear
 X - 2 scrolls of vulnerability
Potions
 c - a potion of ambrosia
 d - 2 potions of cancellation
 m - 4 potions of attraction
 q - a potion of magic
 s - 2 potions of enlightenment
 t - 7 potions of curing
 u - a potion of mutation
 B - 2 potions of lignification
 I - 2 potions of invisibility
 J - a potion of resistance
 L - 2 potions of berserk rage
 M - a potion of heal wounds
 P - 2 potions of haste
Miscellaneous
 o - a lightning rod (4/4)


   Skills:
 + Level 14.2(19.2) Fighting
 - Level 3.0(8.0) Throwing
 - Level 2.4(7.4) Dodging
 + Level 13.0(18.0) Shields
 * Level 19.2(24.2) Unarmed Combat
 - Level 8.0 Invocations


You had 14 spell levels left.
You didn't know any spells.
Your spell library contained the following spells:

 Spells                   Type           Power      Damage    Failure   Level
 Apportation              Tloc           0%         N/A       67%         1
 Necrotise                Necr           0%         1d4       67%         1
 Sting                    Conj/Alch      0%         1d3       67%         1
 Cigotuvi's Dreadful Rot  Necr/Alch/Air  0%         N/A       80%         2
 Sublimation of Blood     Necr           0%         N/A       80%         2
 Frozen Ramparts          Ice            0%         1d1       95%         3
 Hailstorm                Conj/Ice       0%         3d5       95%         3
 Inner Flame              Hex/Fire       0%         N/A       95%         3
 Sigil of Binding         Hex            0%         N/A       95%         3
 Cause Fear               Hex            0%         N/A       100%        4
 Dimensional Bullseye     Hex/Tloc       0%         N/A       100%        4
 Dispel Undead            Necr           0%         3d6       100%        4
 Flame Wave               Conj/Fire      0%         2d4       100%        4
 Leda's Liquefaction      Alch/Erth      0%         N/A       100%        4
 Petrify                  Alch/Erth      0%         N/A       100%        4
 Sticky Flame             Fire/Alch      0%         2d4       100%        4
 Fireball                 Conj/Fire      0%         3d3       100%        5
 Iskenderun's Battlesphe  Conj           0%         2d6       100%        5
 Lee's Rapid Deconstruct  Erth           0%         3d4*      100%        5
 Metabolic Englaciation   Hex/Ice        0%         N/A       100%        5
 Bombard                  Conj/Erth      0%         9d1       100%        6
 Summon Small Mammal      Summ           Unusable   N/A       N/A         1
 Call Imp                 Summ           Unusable   N/A       N/A         2
 Call Canine Familiar     Summ           Unusable   N/A       N/A         3
 Summon Guardian Golem    Hex/Summ       Unusable   N/A       N/A         3
 Animate Armour           Summ/Erth      Unusable   N/A       N/A         4
 Summon Ice Beast         Ice/Summ       Unusable   N/A       N/A         4
 Summon Lightning Spire   Summ/Air       Unusable   N/A       N/A         4
 Summon Mana Viper        Hex/Summ       Unusable   N/A       N/A         5
 Death Channel            Necr           Unusable   N/A       N/A         6
 Simulacrum               Ice/Necr       Unusable   N/A       N/A         6
 Monstrous Menagerie      Summ           Unusable   N/A       N/A         7
 Spellforged Servitor     Conj/Summ      Unusable   N/A       N/A         7
 Summon Hydra             Summ           Unusable   N/A       N/A         7
 Dragon's Call            Summ           Unusable   N/A       N/A         9

Dungeon Overview and Level Annotations

Branches:
Dungeon (15/15)            Temple (1/1) D:5            Lair (5/5) D:11
 Shoals (0/4) Lair:3       Spider (0/4) Lair:2        Slime (0/5) Lair:4
    Orc (2/2) D:11            Elf (0/3) Orc:2        Vaults (0/5) D:14
 Depths (0/4) D:15          Sewer (visited)          Bailey (visited)

Altars:
Ashenzari
Cheibriados
Dithmenos
Elyvilon
Fedhas
Gozag
Hepliaklqana
Kikubaaqudgha
Makhleb
Nemelex Xobeh
Okawaru
Qazlal
Ru
Sif Muna
Trog
Uskayaw
Vehumet
Wu Jian
Xom
Yredelemnul
Zin
The Shining One
Jiyva

Shops:
D:12 ?   Orc:2 [:**

Portals:
Pandemonium: Orc:2

Annotations:
D:3 2 transporters, ShellytheWitch's ghost, amateur KoBr


Innate Abilities, Weirdness & Mutations

You are too large for most types of armour.
You have claws for hands.
Your natural rate of healing is unusually fast.
You are covered in fur. (AC +1)
You have tough skin. (AC +1)


Message History

You feel much better.
The grasping roots constrict the white ugly thing.
The grasping roots constrict the centaur. x3
The grasping roots constrict the centaur!
The grasping roots constrict the cyclops.
The roots release their grip on the white ugly thing.
The roots release their grip on the centaur. x3
The centaur shoots an arrow.
You block the arrow. You block the centaur's attack. x2
You block the white ugly thing's attack.
You regained 26 hp, and now have 40/163 hp.
You feel much better.
The grasping roots constrict the centaur.
The grasping roots constrict the cyclops.
The roots release their grip on the centaur.
The roots release their grip on the cyclops.
The centaur wields a +0 shortbow.
The centaur shoots an arrow.
The arrow hits you!
The centaur wields a +0 orcbow.
The centaur shoots an arrow.
The arrow hits you!
The white ugly thing tentacle-slaps you.
* * * LOW HITPOINT WARNING * * *
The white ugly thing freezes you!!
* * * LOW HITPOINT WARNING * * *
The centaur unwields a +0 orcbow.
The centaur hits you but does no damage.
You block the centaur's attack. x3
You take 18 damage, and have 22/163 hp.
You now have 0/20 mp.
Blink to where?
Press: ? - help, Dir - move target, f - you, p - centaur
Okay, then.
Unknown command.
As you read the scroll of fear, it crumbles to dust.
You assume a fearsome visage.
The white ugly thing resists with some effort.
The centaur warrior looks frightened!
The centaur looks frightened! x5
The cyclops looks frightened!
The white ugly thing tentacle-slaps you!
* * * LOW HITPOINT WARNING * * *
The white ugly thing freezes you!!
You die...

.<...#≈≈≈≈≈≈≈≈
.....#≈≈≈≈≈≈≈≈≈≈≈≈≈≈≈≈≈≈
.....#≈≈≈≈≈≈≈≈≈≈≈≈≈≈≈≈≈≈
.....#≈≈≈≈≈≈≈≈≈≈≈≈≈≈≈≈≈≈
.....#≈≈≈≈≈≈≈≈≈≈≈≈≈≈≈≈≈≈
.....###################
................c.......
.......[........cuc.....
...............(@†C.c...
...........[.....c....<.
................c.......
.....###################
.....#≈≈≈≈≈≈≈≈≈≈≈≈≈≈≈≈≈≈
.....#≈≈≈≈≈≈≈≈≈≈≈≈≈≈≈≈≈≈
.....#≈≈≈≈≈≈≈≈≈≈≈≈≈≈≈≈≈≈
)....#≈≈≈≈≈≈≈≈≈≈≈≈≈≈≈≈≈≈
#.#..#≈≈≈≈≈≈≈≈≈≈≈≈


You could see a white ugly thing, a centaur warrior (fleeing), a cyclops
(fleeing) and 5 centaurs.

Vanquished Creatures
  An orc warlord (Orc:2)
  The ghost of Cadaeck the Basher, a journeyman GrFi of Jiyva (D:14)
  Josephine (Lair:4)
  Snorg (Lair:4)
  Fannar (D:12)
  9 hydras
  2 catoblepae
  Erica (D:8)
  3 demonspawn (Orc:2)
  A two-headed ogre (D:11)
  A merfolk avatar (Lair:5)
  2 centaur warriors
  3 boulder beetles
  2 tengu warriors
  5 death yaks (Lair:4)
  6 orc high priests (Orc:2)
  Amaemon (Lair:3)
  A soul eater (Orc:2)
  Sonja (Lair:3)
  4 skeletal warriors (D:15)
  3 skysharks
  A deep troll (D:15)
  An orb spider (shapeshifter) (D:15)
  2 deep elf pyromancers
  2 arcanists (D:14)
  2 necromancers (D:15)
  2 harpies (Lair:5)
  Pikel (D:8)
  8 orc knights
  7 orc sorcerers
  12 ugly things
  6 manticores
  A merfolk siren (Lair:3)
  14 elephants
  A kobold blastminer (Orc:2)
  Joseph (D:7)
  3 gargoyles (D:12)
  5 black mambas
  10 cane toads
  5 orange demons
  A cane toad (shapeshifter) (D:12)
  4 rime drakes
  15 komodo dragons
  A tengu conjurer (D:14)
  An efreet (D:14)
  An unseen horror (D:10)
  Psyche (D:12)
  A wind drake (Lair:5)
  3 red devils (Orc:2)
  8 trolls
  10 blink frogs
  6 polar bears
  5 hornets
  A hellwing (Orc:2)
  A snapping turtle (Lair:5)
  11 dream sheep
  A centaur simulacrum (D:12)
  2 culicivoras (Lair:2)
  2 shadows
  5 wraiths
  7 spriggans (D:9)
  A vampire (D:7)
  4 basilisks
  The ghost of bungle the Covert, an amateur GnDe (D:5)
  42 yaks
  4 wyverns
  A human (shapeshifter) (D:13)
  4 wargs (Orc:2)
  2 steam dragons
  2 vampire mosquitoes (D:13)
  An acid dragon (D:14)
  12 water moccasins
  Duvessa (D:6)
  2 black bears
  2 sky beasts
  48 orc warriors
  3 ice beasts
  19 wolves
  26 centaurs
  7 ogres
  4 boggarts (Lair:5)
  2 kobold brigands (Sewer)
  24 bullfrogs
  7 scorpions
  A gnoll sergeant (D:9)
  15 wights
  Dowan (D:6)
  A killer bee (D:9)
  3 electric eels
  2 howler monkeys
  5 hounds
  A sleepcap (D:8)
  31 orc priests
  3 iguanas (D:5)
  17 orc wizards
  13 gnolls
  6 adders
  A white imp (D:8)
  2 bombardier beetles (D:4)
  2 ufetubi (D:6)
  2 dart slugs
  92 orcs
  7 endoplasms
  12 giant cockroaches
  7 hobgoblins
  A jackal (Sewer)
  11 kobolds
  3 quokkas
  9 ball pythons
  5 bats
  6 frilled lizards
  11 goblins
  12 rats
722 creatures vanquished.

Vanquished Creatures (others)
  An orc (Bailey)
1 creature vanquished.

Grand Total: 723 creatures vanquished

Notes
Turn   | Place    | Note
-------+----------+-------------------------------------------
     0 | D:1      | jasper the Troll Fighter began the quest for the Orb.
     0 | D:1      | Reached XP level 1. HP: 22/22 MP: 0/0
   186 | D:1      | Reached XP level 2. HP: 29/29 MP: 1/1
   432 | D:1      | Reached XP level 3. HP: 36/36 MP: 2/2
   660 | D:1      | Reached skill level 3 in Unarmed Combat
  1082 | D:2      | Found a faded altar of an unknown god.
  1368 | D:3      | Reached XP level 4. HP: 44/44 MP: 3/3
  1784 | D:3      | Found a transporter.
  1784 | D:3      | Noticed a water moccasin
  1785 | D:3      | Noticed ShellytheWitch's ghost (amateur KoBr)
  1906 | D:3      | Found a transporter.
  1933 | D:3      | Found a radiant altar of Vehumet.
  2285 | D:4      | Reached XP level 5. HP: 53/53 MP: 4/4
  2306 | D:4      | Reached skill level 4 in Unarmed Combat
  2466 | D:4      | Found a glowing drain.
  2497 | Sewer    | Entered a sewer
  2590 | Sewer    | Reached XP level 6. HP: 54/61 MP: 5/5
  2630 | Sewer    | Found a white marble altar of Elyvilon.
  2735 | D:4      | Reached skill level 5 in Unarmed Combat
  3274 | D:4      | Reached XP level 7. HP: 37/68 MP: 6/6
  3379 | D:5      | Entered Level 5 of the Dungeon
  3425 | D:5      | Reached skill level 6 in Unarmed Combat
  3464 | D:5      | Found a runed translucent gate.
  3472 | D:5      | Found a runed translucent gate.
  3473 | D:5      | Found an opulent altar of Gozag.
  3473 | D:5      | Found a runed translucent gate.
  3474 | D:5      | Noticed a wyvern
  3474 | D:5      | Noticed bungle's ghost (amateur GnDe)
  3474 | D:5      | Noticed a wyvern
  3552 | D:5      | Found a staircase to the Ecumenical Temple.
  3571 | Temple   | Entered the Ecumenical Temple
  3596 | D:5      | Found a white marble altar of Elyvilon.
  3651 | D:5      | Reached skill level 5 in Shields
  3651 | D:5      | Reached XP level 8. HP: 78/79 MP: 7/7
  3664 | D:5      | Reached skill level 7 in Unarmed Combat
  3716 | D:5      | Found a hide-covered altar of Uskayaw.
  3765 | D:5      | Found a stormy altar of Qazlal.
  3797 | D:5      | Identified the +1 mace of Accidental Termination {venom,
                  | rCorr Str+3 Dex+6 Stlth+}
  3876 | D:5      | Found a shimmering blue altar of Sif Muna.
  4001 | D:6      | Noticed Duvessa
  4006 | D:6      | Noticed Dowan
  4032 | D:6      | Killed Duvessa
  4038 | D:6      | Reached skill level 5 in Fighting
  4043 | D:6      | Killed Dowan
  4053 | D:6      | Reached skill level 8 in Unarmed Combat
  4145 | D:6      | Reached XP level 9. HP: 16/88 MP: 8/8
  4161 | D:6      | Reached skill level 9 in Unarmed Combat
  4288 | D:6      | Found a basalt altar of Yredelemnul.
  4403 | D:6      | Found a glowing golden altar of the Shining One.
  4579 | D:6      | Noticed an angel
  4606 | D:7      | Noticed Joseph
  4613 | D:7      | Killed Joseph
  4755 | D:7      | Noticed a troll
  4764 | D:7      | Killed a troll
  5093 | Temple   | Became a worshipper of Warmaster Okawaru
  5149 | D:5      | Reached skill level 10 in Unarmed Combat
  5162 | D:5      | Killed bungle's ghost
  5162 | D:5      | Reached * piety under Okawaru
  5268 | D:7      | Reached XP level 10. HP: 100/100 MP: 9/9
  5380 | D:7      | Reached skill level 1 in Throwing
  5380 | D:7      | Reached skill level 1 in Invocations
  5730 | D:7      | Noticed a cyan ugly thing
  5743 | D:7      | Killed a cyan ugly thing
  5884 | D:8      | Found an ornate altar of the Wu Jian Council.
  5947 | D:8      | Found a shadowy altar of Dithmenos.
  5949 | D:8      | Noticed Pikel
  5957 | D:8      | Killed Pikel
  5957 | D:8      | Reached ** piety under Okawaru
  6021 | D:8      | Noticed Erica
  6036 | D:8      | Killed Erica
  6037 | D:8      | Reached skill level 11 in Unarmed Combat
  6599 | D:9      | Reached *** piety under Okawaru
  6601 | D:9      | Found a flagged portal.
  6629 | Bailey   | Entered a bailey
  6814 | Bailey   | Reached XP level 11. HP: 89/109 MP: 11/11
  6959 | Bailey   | Acquired 1151 gold pieces
  6990 | Bailey   | Reached skill level 12 in Unarmed Combat
  7055 | Bailey   | Reached **** piety under Okawaru
  7776 | D:9      | Found a glowing silver altar of Zin.
  8078 | D:10     | Entered Level 10 of the Dungeon
  8370 | D:10     | Reached ***** piety under Okawaru
  8768 | D:10     | Found a broken altar of Ashenzari.
  8869 | D:10     | Reached skill level 13 in Unarmed Combat
  9138 | D:11     | Noticed a two-headed ogre
  9170 | D:11     | Killed a two-headed ogre
  9235 | D:11     | Found a staircase to the Orcish Mines.
  9332 | D:11     | Found a staircase to the Lair.
 10108 | Lair:1   | Entered Level 1 of the Lair of Beasts
 10416 | Lair:1   | Received a gift from Okawaru
 10509 | Lair:1   | Reached XP level 12. HP: 105/124 MP: 12/12
 10589 | Lair:1   | Noticed a boulder beetle
 10621 | Lair:1   | Killed a boulder beetle
 10622 | Lair:1   | Reached skill level 14 in Unarmed Combat
 10672 | Lair:1   | Noticed a four-headed hydra
 10687 | Lair:1   | Killed a six-headed hydra
 10688 | Lair:1   | Reached skill level 10 in Fighting
 10980 | Lair:1   | Received a gift from Okawaru
 11557 | Lair:2   | Reached skill level 10 in Shields
 11578 | Lair:2   | Noticed a five-headed hydra
 11588 | Lair:2   | Found a hole to the Spider Nest.
 11796 | Lair:2   | Noticed a five-headed hydra
 11816 | Lair:2   | Killed a one-headed hydra
 11823 | Lair:2   | Killed a one-headed hydra
 11827 | Lair:2   | Reached skill level 15 in Unarmed Combat
 12194 | Lair:2   | Acquired a +2 hat of stealth
 12598 | Lair:3   | Noticed Amaemon
 12601 | Lair:3   | Noticed Sonja
 12624 | Lair:3   | Killed Sonja
 12634 | Lair:3   | Killed Amaemon
 12634 | Lair:3   | Received a gift from Okawaru
 12754 | Lair:3   | Reached XP level 13. HP: 134/137 MP: 13/13
 12955 | Lair:3   | Received a gift from Okawaru
 13299 | Lair:3   | Reached skill level 16 in Unarmed Combat
 13464 | Lair:3   | Found a staircase to the Shoals.
 13870 | Lair:4   | Reached ****** piety under Okawaru
 13897 | Lair:4   | Noticed Snorg
 13899 | Lair:4   | Noticed Josephine
 13969 | Lair:4   | Found a viscous altar of Jiyva.
 13970 | Lair:4   | Found a staircase to the Slime Pits.
 13993 | Lair:4   | Killed Snorg
 13993 | Lair:4   | Received a gift from Okawaru
 14093 | Lair:4   | Killed Josephine
 14299 | Lair:4   | Reached skill level 17 in Unarmed Combat
 14442 | Lair:4   | Received a gift from Okawaru
 14595 | Lair:4   | Reached XP level 14. HP: 128/150 MP: 13/15
 15151 | Lair:5   | Entered Level 5 of the Lair of Beasts
 15301 | Lair:5   | Reached skill level 5 in Invocations
 15514 | Lair:5   | Received a gift from Okawaru
 16150 | Lair:5   | Received a gift from Okawaru
 16167 | Lair:5   | Identified the +9 trident of Spite {protect, rElec Will+
                  | Int-4}
 16347 | Orc:1    | Entered Level 1 of the Orcish Mines
 16933 | Orc:2    | Entered Level 2 of the Orcish Mines
 16933 | Orc:2    | Found a staircase to the Elven Halls.
 17589 | Orc:2    | Found Hoyw's General Store.
 17597 | Orc:2    | Found Wuaj's General Store.
 17643 | Orc:2    | Bought a potion of heal wounds for 65 gold pieces
 17703 | Orc:2    | Noticed an orc warlord
 17743 | Orc:2    | Killed an orc warlord
 17743 | Orc:2    | Received a gift from Okawaru
 18155 | Orc:2    | Received a gift from Okawaru
 18202 | Orc:2    | Reached XP level 15. HP: 142/161 MP: 20/20
 18246 | Orc:2    | Reached skill level 18 in Unarmed Combat
 18335 | Orc:2    | Found Imnu's Book Emporium.
 18335 | Orc:2    | Found a one-way gate leading to the halls of Pandemonium.
 18335 | Orc:2    | Found Hiaco's Antique Armour Shoppe.
 18693 | D:12     | Found Leiruck's Magic Scroll Shoppe.
 18699 | D:12     | Bought a scroll of teleportation for 48 gold pieces
 18699 | D:12     | Bought a scroll of revelation for 120 gold pieces
 18733 | D:12     | Found a glowing golden altar of the Shining One.
 18791 | D:12     | Noticed Psyche
 18800 | D:12     | Killed Psyche
 18843 | D:12     | Noticed Fannar
 18854 | D:12     | Killed Fannar
 19501 | D:13     | Received a gift from Okawaru
 20465 | D:14     | Found a runed translucent door.
 20465 | D:14     | Noticed Cadaeck's ghost (journeyman GrFi)
 20776 | D:14     | Received a gift from Okawaru
 21024 | D:14     | Found a gate to the Vaults.
 21098 | D:14     | Killed Cadaeck's ghost
 21100 | D:14     | Identified the amulet of Loxesoab {Spirit Harm rN+ Regen+
                  | SInv}
 21120 | D:15     | Entered Level 15 of the Dungeon
 21144 | D:15     | Found a staircase to the Depths.
 21151 | D:15     | Reached skill level 19 in Unarmed Combat
 21392 | D:15     | Received a gift from Okawaru
 21405 | D:15     | Slain by a white ugly thing

Illustrated notes

Levels and vault maps discovered:
D:1:      wheals_arrival_shading, layout_basic
D:2:      layout_rooms, hellmonk_ecumenical_altar_arch_garden,
          hangedman_decor_peaks_small
D:3:      layout_loops_corners, marbit_many_paths, gammafunk_ghost_arena,
          amcnicky_mini_rare_corridor_liquid
D:4:      nicolae_cairo_tiling_large_dashed, layout_basic, gup_sewer_entry_glass
D:5:      minmay_spotlight, layout_cave_pools, lemuel_blue_sif_altar,
          overflow_temple_1_default, grunt_temple_overflow_open,
          minmay_temple_entry_mist, ebering_ghost_gozag
D:6:      layout_rooms, grunt_temple_overflow_holy_war, uniq_duvessa
D:7:      layout_loops_corners, kb_rosetta, uniq_joseph
D:8:      layout_cave_pools, mainiacjoe_overflow_large_starburst, uniq_erica,
          uniq_pikel
D:9:      kb_forest_paths, layout_small_grid, kennysheep_mini_moat,
          enter_bailey_5, minmay_misc_feat_secret_circle, fountainhead
D:10:     layout_stronghold, nicolae_ashenzari_panopticon
D:11:     layout_long_grid, erik_lair_orcish_takeover, hiddenorc2_lemuel,
          nrook_uturn
D:12:     layout_basic, serial_shops, shop, chequers_decorated_corner,
          st_stairs_10, tso_altar, uniq_psyche, uniq_fannar
D:13:     layout_small_grid, einodemon_barbed_minivault
D:14:     layout_rooms, david_vaults_1, hangedman_abyss_or_decor_stabs,
          gammafunk_ghost_grave, kennysheep_big_empty_room
D:15:     hangedman_depths_entry_civil_slaughter, layout_cross,
          serial_bayou_pond_a
Temple:   minmay_temple_curvy_loop
Lair:1:   layout_roguey, dreamdust_deal_with_the_devil,
          chequers_serial_rivers_room_a, grunt_forest_large_clearings
Lair:2:   layout_regular_city, hellmonk_spider_entry_life_and_decay,
          beast_lair_carwin_2, grunt_megastairs_5, serial_bayou_shore_b,
          lemuel_fruit_fields, lemuel_fruit_tree
Lair:3:   layout_gridlike, elwin_shoals_entry_rooms, beast_lair_carwin_10,
          serial_bayou_shore_b, uniq_sonja, uniq_amaemon
Lair:4:   beast_lair_carwin_large_4, layout_regular_city, slime_entry_1,
          minivault_23, chequers_serial_rivers_room_b, uniq_josephine,
          uniq_snorg
Lair:5:   gammafunk_lair_ancient_temple, layout_long_grid,
          hangedman_lair_unloving_vines, kilobyte_rumbling_trees,
          grunt_megastairs_2
Orc:1:    layout_caves
Orc:2:    pf_orc_diabolical, layout_diamond_mine,
          einodemon_armed_red_devil_minivault

Skill      XL: |  1  2  3  4  5  6  7  8  9 10 11 12 13 14 15 |
---------------+----------------------------------------------+-----
Shields        | 3 4 5 6 7 8 9 10 11 12 13 | 13.0
Unarmed Combat | 3 4 5 6 8 10 11 13 15 17 19 | 19.2
Fighting       | 3 4 5 6 7 9 11 12 13 14 | 14.2
Throwing       | 3 |  3.0
Invocations    | 2 3 8 |  8.0
Dodging        | |  2.4

Action                     |  1- 3 |  4- 6 |  7- 9 | 10-12 | 13-15 || total
---------------------------+-------+-------+-------+-------+-------++-------
  Melee: Unarmed           |   110 |   167 |   178 |   699 |  1047 ||  2201
         Scimitar          |       |       |       |    12 |    15 ||    27
  Throw: Stone             |    10 |    12 |     3 |       |       ||    25
         Dart              |       |       |     2 |     8 |       ||    10
         Boomerang         |       |       |       |    47 |    96 ||   143
         Large rock        |       |       |       |     3 |     6 ||     9
         Throwing net      |       |       |       |     3 |     2 ||     5
 Invoke: Heroism           |       |       |       |     5 |    13 ||    18
         Finesse           |       |       |       |       |     1 ||     1
  Evoke: Wand              |       |       |       |     2 |     4 ||     6
    Use: Scroll            |     8 |     1 |     1 |    18 |     7 ||    35
         Potion            |       |     1 |     4 |       |     3 ||     8
   Stab: Distracted        |       |       |       |     1 |       ||     1
         Held in net/web   |       |       |       |       |     3 ||     3
         Sleeping          |       |       |       |       |     1 ||     1
 Armour: Robe              |    62 |    84 |   104 |    26 |       ||   276
         Troll leather arm |       |       |       |   130 |       ||   130
         Steam dragon scal |       |       |       |   312 |   599 ||   911
  Dodge: Dodged            |    35 |    36 |    56 |   288 |   274 ||   689
  Block: Kite shield       |    41 |    33 |    67 |   376 |   524 ||  1041
         Tower shield      |       |    58 |    46 |       |   312 ||   416
         Reflection        |       |       |       |       |    41 ||    41

Table legend: (Time is in decaauts)
 A = Elapsed time spent in this place.
 B = Non-inter-level travel time spent in this place.
 C = Inter-level travel time spent in this place.
 D = Time resting spent in this place.
 E = Time spent auto-exploring this place.
 F = Levels seen in this place.
 G = Mean time per level.
                   A        B        C        D        E       F      G
               +--------+--------+--------+--------+--------+-----+--------+
         Total |  21134 |  20016 |   1118 |   1093 |  13805 |  25 |  845.4 |
       Dungeon |  12373 |  11696 |    677 |    627 |   8371 |  15 |  824.9 |
        Temple |     50 |      4 |     46 |      0 |      0 |   1 |   50.0 |
          Lair |   5982 |   5750 |    232 |    274 |   3917 |   5 | 1196.4 |
  Orcish Mines |   2007 |   1846 |    161 |    173 |   1201 |   2 | 1003.5 |
         Sewer |    180 |    180 |      0 |      4 |    103 |   1 |  180.0 |
        Bailey |    541 |    541 |      0 |     15 |    213 |   1 |  541.0 |
               +--------+--------+--------+--------+--------+-----+--------+

Top non-repeatable levels by time:
   Orc:2: 1500 daAuts
  Lair:3: 1358 daAuts
  Lair:4: 1325 daAuts
  Lair:1: 1313 daAuts
    D:11: 1305 daAuts
     D:7: 1103 daAuts
  Lair:5: 1058 daAuts
    D:10: 1046 daAuts
     D:9: 979 daAuts
     D:4: 942 daAuts
  Lair:2: 926 daAuts
     D:3: 913 daAuts
    D:13: 897 daAuts
    D:14: 839 daAuts
     D:1: 774 daAuts
